 Dungeon Crawl Stone Soup version 0.31-a0-981-geadf994542 (webtiles) character file.

Game seed: 9875730475087094367

218 horus123 the Magician (level 5, -4/28 HPs)
             Began as a Deep Elf Conjurer on Nov 1, 2023.
             Slain by a gnoll
             ... wielding a +0 flail
              (8 damage)
             ... on level 3 of the Dungeon.
             The game lasted 00:07:04 (2616 turns).

horus123 the Magician (Deep Elf Conjurer)           Turns: 2616, Time: 00:07:04

Health: -4/28      AC:  8    Str:  4    XL:     5   Next: 63%
Magic:  12/15      EV: 12    Int: 25    God:
Gold:   111        SH:  0    Dex: 13    Spells: 6/16 levels left

rFire   . . .        u - +1 quarterstaff (heavy)
rCold   . . .        (shield currently unavailable)
rNeg    . . .        t - +1 robe {Will+}
rPois   .            (no helmet)
rElec   .            (no cloak)
rCorr   .            (no gloves)
SInv    .            p - +0 pair of boots {Fly}
Will    +....        (no amulet)
Stlth   ++           r - +4 ring of protection
HPRegen 0.24/turn    (no ring)
MPRegen 0.14/turn

%: no passive effects
@: flying
A: no striking features
a: no special abilities


You were on level 3 of the Dungeon.
You visited 1 branch of the dungeon, and saw 3 of its levels.

You collected 111 gold pieces.

Inventory:

Hand Weapons
 c - a +0 short sword
 j - a +1 hand axe of freezing
 s - a +0 quarterstaff
 u - a +1 heavy quarterstaff (weapon)
Armour
 a - a +0 robe
 p - a +0 pair of boots of flying (worn)
 t - a +1 robe of willpower (worn)
Jewellery
 r - a +4 ring of protection (left hand)
Scrolls
 d - 6 scrolls of identify {unknown}
 f - a scroll of teleportation {unknown}
 g - a scroll of fear {unknown}
 h - a scroll of fog {unknown}
 m - 4 scrolls of enchant weapon {unknown}
 o - a scroll of enchant armour {unknown}
Potions
 b - a potion of magic
 e - a potion of degeneration {unknown}
 i - a potion of haste {unknown}
 k - a potion of brilliance {unknown}
 l - a potion of berserk rage {unknown}
 n - 2 potions of curing {unknown}
 q - a potion of heal wounds {unknown}


   Skills:
 - Level 2.4 Dodging
 - Level 2.4 Stealth
 - Level 6.3 Spellcasting
 + Level 6.0 Conjurations


You had 6 spell levels left.
You knew the following spells:

 Your Spells              Type           Power      Damage    Failure   Level
a - Magic Dart            Conj           100%       1d8       1%          1
b - Searing Ray           Conj           76%        2d7       1%          2
c - Iskenderun's Mystic   Conj/Tloc      23%        2d6       21%         4
d - Dazzling Flash        Conj/Hex       46%        N/A       6%          3

Your spell library contained the following spells:

 Spells                   Type           Power      Damage    Failure   Level
 Kiss of Death            Conj/Necr      92%        2d12      1%          1
 Apportation              Tloc           14%        N/A       7%          1
 Necrotise                Necr           28%        1d5       7%          1
 Summon Small Mammal      Summ           28%        N/A       7%          1
 Mephitic Cloud           Conj/Pois/Air  17%        N/A       10%         3
 Call Imp                 Summ           14%        N/A       11%         2
 Jinxbite                 Hex            14%        N/A       11%         2
 Fulminant Prism          Conj/Hex       11%        3d8       21%         4
 Confusing Touch          Hex            7%         N/A       22%         3
 Dispel Undead            Necr           7%         3d8       56%         4
 Alistair's Intoxication  Tmut/Pois      4%         N/A       89%         5


Dungeon Overview and Level Annotations

Branches:
Dungeon (3/15)

Altars:
Gozag
Hepliaklqana
Okawaru
Wu Jian
Xom


Message History

A gnoll comes into view. It is wielding a +0 halberd.
The gnoll hits you with a +0 spear!
You sock the gnoll!
You kill the gnoll!
The gnoll hits you with a +0 spear. The gnoll closely misses you.
The gnoll hits you but does no damage. The gnoll completely misses you.
Your Conjurations skill increases to level 6!
The gnoll hits you from afar with a +0 halberd!
The gnoll completely misses you.
Things that are here:
a +0 whip; a gnoll corpse The gnoll attacks as it pursues you!
The gnoll barely misses you. The gnoll attacks as it pursues you!
The gnoll completely misses you.
There is an open door here.
Things that are here:
a +0 hand axe; an orc skeleton The gnoll attacks as it pursues you!
The gnoll closely misses you.
There is a large open door, spattered with blood here.
Things that are here:
a +0 club; a +0 ring mail; an orc skeleton
Casting: Magic Dart (safe; 1% risk of failure)
Confirm with . or Enter, or press ? or * to list all spells.
Aiming: Searing Ray (safe; 1% risk of failure)
Press: ? - help, Shift-Dir - straight line, f - gnoll
Aim: a gnoll, wielding a +0 flail (83% to hit)
Okay, then.
The gnoll attacks as it pursues you! The gnoll hits you with a +0 flail!
* * * LOW HITPOINT WARNING * * *
There is a large open door here.
Casting: Searing Ray (safe; 1% risk of failure)
Confirm with . or Enter, or press ? or * to list all spells.
Aiming: Searing Ray (safe; 1% risk of failure)
Press: ? - help, Shift-Dir - straight line, f - gnoll
Aim: a gnoll, wielding a +0 flail (83% to hit)
The searing ray hits the gnoll.
The gnoll is heavily wounded.
The searing ray misses the gnoll. (Press . to maintain the ray.)
The gnoll hits you with a +0 flail!
You die...

. #...#############.# .. #...#
#..<####.# ..
#...######.#......# ..#
##.........#..########### #..##
###########.............
#..#### ##########...##########
#.g..## #....##...##...... #
####..###....##...##..###.#####
##...'gg.)g@...+..>###......
#####....##...##.........##
#..).#...)###+######.#
#)#########^.†.....#.# ...#
##_## #........#.#
....##8...8##........#)#
.....##.....# ##+#....†.##
.....#_....._###+#.##.....
##.....##............


You could see 3 gnolls.

Vanquished Creatures
  2 orc priests (D:3)
  2 orc wizards
  A gnoll (D:3)
  3 adders
  A dart slug (D:2)
  10 orcs
  7 ball pythons
  An endoplasm (D:3)
  4 giant cockroaches
  3 goblins
  6 hobgoblins
  3 kobolds
  3 quokkas (D:1)
  5 bats
  5 frilled lizards
  9 rats
65 creatures vanquished.

Notes
Turn   | Place    | Note
-------+----------+-------------------------------------------
     0 | D:1      | horus123 the Deep Elf Conjurer began the quest for the Orb.
     0 | D:1      | Reached XP level 1. HP: 10/10 MP: 6/6
   207 | D:1      | Reached XP level 2. HP: 15/15 MP: 5/9
  1074 | D:2      | Reached XP level 3. HP: 16/19 MP: 4/11
  1075 | D:2      | Reached skill level 5 in Spellcasting
  1387 | D:2      | Learned a level 2 spell: Searing Ray
  1760 | D:3      | Found a faded altar of an unknown god.
  1773 | D:2      | Reached XP level 4. HP: 19/24 MP: 5/14
  1851 | D:2      | Learned a level 4 spell: Iskenderun's Mystic Blast
  2088 | D:3      | Learned a level 3 spell: Dazzling Flash
  2177 | D:3      | Found an ornate altar of the Wu Jian Council.
  2180 | D:3      | Found an iron altar of Okawaru.
  2359 | D:3      | Found a shimmering altar of Xom.
  2362 | D:3      | Found a hazy altar of Hepliaklqana.
  2364 | D:3      | Found an opulent altar of Gozag.
  2372 | D:3      | Reached skill level 5 in Conjurations
  2376 | D:3      | Reached XP level 5. HP: 28/28 MP: 7/15
  2616 | D:3      | Slain by a gnoll

Illustrated notes

Levels and vault maps discovered:
D:1:      eino_arrival_cavern_e, layout_loops_ring
D:2:      layout_loops_ring
D:3:      layout_basic, nicolae_overflow_hidden_temple,
          nicolae_ecumenical_pavilion, minmay_fractal_squares_gapless_5

Skill      XL: |  1  2  3  4  5 |
---------------+----------------+-----
Spellcasting   | 4 6 |  6.3
Conjurations   | 5 6 |  6.0
Dodging        | |  2.4
Stealth        | |  2.4

Action                     |  1- 3 |  4- 6 || total
---------------------------+-------+-------++-------
  Melee: Quarterstaff      |       |     7 ||     7
   Cast: Magic Dart        |    71 |    49 ||   120
         Searing Ray       |     1 |     2 ||     3
 Armour: Robe              |    10 |    21 ||    31
  Dodge: Dodged            |     8 |    15 ||    23

Table legend: (Time is in decaauts)
 A = Elapsed time spent in this place.
 B = Non-inter-level travel time spent in this place.
 C = Inter-level travel time spent in this place.
 D = Time resting spent in this place.
 E = Time spent auto-exploring this place.
 F = Levels seen in this place.
 G = Mean time per level.
                   A        B        C        D        E       F      G
               +--------+--------+--------+--------+--------+-----+--------+
         Total |   2622 |   2563 |     59 |    381 |   1833 |   3 |  874.0 |
       Dungeon |   2622 |   2563 |     59 |    381 |   1833 |   3 |  874.0 |
               +--------+--------+--------+--------+--------+-----+--------+

Top non-repeatable levels by time:
     D:2: 1028 daAuts
     D:1: 1005 daAuts
     D:3: 587 daAuts
